Map: 2000 Atmospheres LE

Players

Warthog - Winner!

  • Race: Terran Terran
  • League: Master
  • Spawn Location: 3:00

Avarice

  • Race: Protoss Protoss
  • League: Diamond
  • Spawn Location: 7:00

VOD

Have the link to the VOD?

Description

Time

  • Played on: Dec. 15, 2021, 7:49 p.m.
  • Length: 7:42
Show
View Real Time Build Order
Export as new Build Order

Warthog Terran - Winner!

Build Orders: Reaper Expand 

Get SALT Encoding   

  12  0:00  SCV  
  13  0:12  SCV  
  14  0:17  Supply Depot  
  14  0:24  SCV  
  15  0:39  SCV  
  15  0:40  Barracks  
  16  0:44  Refinery  
  16  0:51  SCV  
  17  1:03  SCV  
  18  1:15  SCV  
  19  1:29  Orbital Command  
  19  1:30  Reaper  
  20  1:41  Command Center  
  20  1:49  Supply Depot  
  20  1:56  SCV  
  21  2:02  Marine  
  22  2:08  SCV  
  22  2:13  Factory  
  23  2:16  Refinery  
  23  2:21  SCV  
  24  2:27  Barracks Reactor  
  24  2:34  SCV  
  25  2:46  SCV  
  26  2:58  SCV  
  26  3:02  Starport  
  26  3:03  Hellion  
  29  3:08  Orbital Command  
  29  3:18  Marine x2  
  30  3:25  SCV  
  31  3:32  Hellion  
  31  3:33  SCV  
  34  3:36  Marine x2  
  34  3:37  SCV  
  34  3:40  Viking  
  39  3:45  SCV  
  40  3:51  Supply Depot  
  40  3:52  Command Center  
  42  3:55  Hellion  
  42  4:00  SCV  
  42  4:13  Viking, Marine x2  
  42  4:14  SCV  
  47  4:18  SCV  
  48  4:26  SCV  
  48  4:27  Factory Tech Lab  
  49  4:32  Barracks  
  49  4:37  SCV  
  50  4:38  Marine  
  50  4:39  SCV, Marine  
  53  4:48  Starport Tech Lab  
  53  4:49  SCV  
  53  4:51  Barracks  
  54  4:57  Supply Depot  
  54  4:59  Supply Depot  
  54  5:04  SCV x2, Siege Tank  
  59  5:16  SCV x2  
  61  5:25  Orbital Command  
  61  5:27  Marine x2  
  63  5:28  SCV  
  63  5:33  Bunker, Starport Reactor  
  64  5:38  SCV  
  64  5:41  Siege Tank  
  64  5:42  Stimpack, Marauder  
  70  5:45  SCV, Barracks Tech Lab  
  70  5:47  Supply Depot, Refinery  
  70  5:49  Refinery  
  71  5:51  SCV  
  69  5:59  SCV  
  69  6:01  Marine x2  
  69  6:03  SCV, Marauder  
  73  6:11  Combat Shield  
  72  6:12  Engineering Bay x2  
  72  6:13  Supply Depot  
  72  6:16  SCV  
  72  6:17  Marauder  
  75  6:24  Marine  
  75  6:25  Marauder  
  77  6:31  Marine  
  72  6:39  Marauder  
  74  6:42  Medivac x2, Marine  
  73  6:48  Marauder, Marine  
  71  6:57  Siege Tank  
  71  7:00  Marauder, Marine  
  75  7:06  Marine  
  76  7:09  Marauder  
  76  7:12  SCV  
  76  7:13  Refinery  
  76  7:14  Refinery  
  77  7:18  Marine  
  82  7:25  Barracks  
  82  7:27  SCV, Barracks  
Show
View Real Time Build Order
Export as new Build Order

Avarice Protoss 

Build Orders: 1 Gate Expand, Oracle Opening 

Get SALT Encoding   

  12  0:00  Probe  
  13  0:12  Probe  
  14  0:17  Pylon  
  14  0:24  Probe  
  15  0:37  Gateway, Probe (Chrono Boost)  
  16  0:46  Probe (Chrono Boost)  
  17  0:52  Probe  
  17  0:54  Assimilator  
  18  1:04  Probe  
  19  1:17  Probe  
  20  1:25  Cybernetics Core  
  20  1:33  Nexus  
  20  1:42  Pylon  
  20  1:46  Probe  
  21  1:50  Assimilator  
  21  1:59  Adept (Chrono Boost)  
  21  2:06  Pylon  
  23  2:09  Probe  
  24  2:21  Adept  
  26  2:25  Probe  
  27  2:30  Stargate  
  27  2:39  Warp Gate, Probe (Chrono Boost)  
  28  2:45  Probe (Chrono Boost)  
  30  2:51  Adept, Probe (Chrono Boost)  
  30  2:57  Probe (Chrono Boost)  
  32  3:17  Oracle (Chrono Boost)  
  35  3:21  Probe  
  35  3:22  Probe  
  37  3:33  Probe  
  39  3:34  Probe  
  39  3:36  Twilight Council  
  39  3:45  Probe  
  39  3:46  Probe  
  39  3:47  Gateway  
  41  3:49  Gateway  
  41  3:57  Assimilator  
  41  3:58  Probe x2  
  43  4:10  Probe x2  
  45  4:22  Probe  
  46  4:24  Blink (Chrono Boost)  
  46  4:26  Probe  
  46  4:30  Gateway  
  47  4:35  Gateway  
  47  4:36  Probe, Gateway  
  48  4:40  Pylon  
  48  4:45  Stalker  
  48  4:46  Stalker x2  
  54  4:58  Probe x2  
  54  4:59  Gateway  
  56  5:06  Pylon  
  56  5:08  Stalker x2  
  56  5:10  Probe x2, Pylon  
  56  5:13  Phoenix  
  61  5:25  Gateway  
  61  5:29  Stalker, Pylon  
  61  5:30  Stalker  
  65  5:36  Stalker  
  65  5:41  Stalker  
  63  6:06  Stalker x5  
  63  6:07  Stalker  
  64  6:34  Stalker x5  
  64  6:37  Zealot  
  48  7:01  Stalker x2  
  48  7:03  Probe  
Tags
 
Add a new tag
Caveats
  • Supply blocks, unpowered buildings, or Contaminate may cause inaccurate times.
  • Supply counts are checked every 10 seconds.